 Dungeon Crawl Stone Soup version 0.25.1-8-g42b30a86e7 (webtiles) character file.

Game seed: 14275648415467211600

8572 funkygono the Thaumaturge (level 11, -10/82 HPs)
             Began as a Red Draconian Air Elementalist on Dec 20, 2020.
             Was an Elder of Sif Muna.
             Mangled by a yak (11 damage)
             ... on level 10 of the Dungeon.
             The game lasted 00:29:48 (13767 turns).

funkygono the Thaumaturge (DrAE)                   Turns: 13767, Time: 00:29:49

Health: -10/82     AC: 10    Str: 11    XL:     11   Next: 11%
Magic:  16/24      EV: 13    Int: 18    God:    Sif Muna [****..]
Gold:   454        SH:  7    Dex: 12    Spells: 13/28 levels left

rFire    . . .     SeeInvis .   k - +5 whip
rCold    + . .     Gourm    .   i - +3 buckler
rNeg     . . .     Faith    +   (armour unavailable)
rPois    .         Spirit   .   (helmet restricted)
rElec    .         Reflect  .   h - +0 cloak
rCorr    .         Harm     .   m - +0 pair of gloves
MR       .....                  v - +0 pair of boots
Stlth    ++........             p - amulet of faith
HPRegen  0.23/turn              x - ring of ice
MPRegen  0.19/turn              (no ring)

@: no status effects
A: breathe fire, unfitting armour, fire resistance 1, cold-blooded, AC +7
a: Breathe Fire, Channel Magic, Forget Spell, Divine Exegesis, Renounce Religion


You were on level 10 of the Dungeon.
You worshipped Sif Muna.
Sif Muna was greatly pleased with you.
You were hungry.

You visited 1 branch of the dungeon, and saw 10 of its levels.

You collected 454 gold pieces.

Inventory:

Hand Weapons
 a - the cursed +0 falchion "Namyacs" {freeze, Str+4}
   (You found it on level 9 of the Dungeon)

   It has been specially enchanted to freeze those struck by it, causing extra
   injury to most foes and up to half again as much damage against particularly
   susceptible opponents.
   It can also slow down cold-blooded creatures.
   It affects your strength (+4).
   It has a curse placed upon it.
 j - a +3 quarterstaff of chaos
 k - a +5 whip (weapon)
Missiles
 g - 261 stones (quivered)
Armour
 h - a +0 cloak (worn)
 i - a +3 buckler (worn)
 m - a +0 pair of gloves (worn)
 v - a +0 pair of boots (worn)
Jewellery
 p - an amulet of faith (around neck)
 x - a ring of ice (left hand)
Wands
 y - a wand of iceblast (10)
 A - a wand of enslavement (4)
Scrolls
 f - 4 scrolls of teleportation
 l - 4 scrolls of remove curse
 o - 3 scrolls of fear
 r - 3 scrolls of amnesia
 s - 4 scrolls of blinking
 B - a scroll of fog
 C - a scroll of identify
 D - a scroll of enchant weapon
Potions
 c - a potion of resistance
 e - a potion of heal wounds
 n - 3 potions of curing
 q - 2 potions of stabbing
 t - a potion of ambrosia
 u - 3 potions of brilliance
 w - a potion of cancellation
 z - 2 potions of haste
Comestibles
 b - 16 rations


   Skills:
 + Level 3.2 Fighting
 + Level 2.4 Maces & Flails
 + Level 3.9 Dodging
 - Level 1.7 Stealth
 + Level 3.4 Shields
 + Level 9.4 Spellcasting
 + Level 8.6 Conjurations
 + Level 1.7 Charms
 + Level 9.2 Air Magic


You had 13 spell levels left.
You knew the following spells:

 Your Spells              Type           Power        Failure   Level  Hunger
a - Shock                 Conj/Air       ####         1%          1    None
b - Swiftness             Chrm/Air       ####....     1%          2    None
c - Static Discharge      Conj/Air       #####...     1%          3    None
d - Airstrike             Air            #####.....   1%          4    ###....
e - Lightning Bolt        Conj/Air       #####.....   6%          5    #####..

Your spell library contained the following spells:

 Spells                   Type           Power        Failure   Level  Hunger
 Infusion                 Chrm           ##..         4%          1    None
 Song of Slaying          Chrm           ##......     7%          2    None
 Shroud of Golubria       Chrm/Tloc      ##....       10%         2    None
 Ozocubu's Armour         Chrm/Ice       ###.....     19%         3    None
 Spectral Weapon          Hex/Chrm       ##......     19%         3    None


Dungeon Overview and Level Annotations

Branches:
Dungeon (10/15)            Temple (0/1) D:7            Lair (0/6) D:10
    Orc: D:9-12

Altars:
Elyvilon
Fedhas
Gozag
Hepliaklqana
Kikubaaqudgha
Okawaru
Qazlal
Sif Muna
Trog
Uskayaw
Wu Jian
Xom
Zin

Shops:
D:6 [   D:8 ?

Annotations:
D:3 exclusion: oklob plant


Innate Abilities, Weirdness & Mutations

You can breathe blasts of fire.
Your fiery red scales are hard. (AC +7)
You cannot fit into any form of body armour.
Your flesh is heat resistant. (rF+)
You are cold-blooded and may be slowed by cold attacks.


Message History

Unknown command.
Casting: Shock (safe; 1% risk of failure)
Confirm with . or Enter, or press ? or * to list all spells.
Aiming: Shock (safe; 1% risk of failure)
Press: ? - help, Shift-Dir - straight line The zap hits the yak.
The yak is severely wounded.
The zap hits the yak but does no damage.
The yak is almost dead.
The yak gores you.
* * * LOW HITPOINT WARNING * * *
The yak gores you!
* * * LOW HITPOINT WARNING * * *
Casting: Shock (safe; 1% risk of failure)
Confirm with . or Enter, or press ? or * to list all spells.
Aiming: Shock (safe; 1% risk of failure)
Press: ? - help, Shift-Dir - straight line
Okay, then.
The yak gores you!
You die...

### .. #. ###.######
#...@Y)Y†# #.##.Y#..## #
#.#...#...#
.##.#.#..###..###########
..........#
#.h.#.hY...... ..#.##..##
##Y.#.##......
###...#...# #.....Y.Y....
.....##..## ##...##.....♣
#..#...# #...######..


You could see 3 yaks.

Vanquished Creatures
  3 two-headed ogres
  A centaur zombie (D:10)
  Maggie (D:6)
  Grinder (D:3)
  Sigmund (D:3)
  7 yaks
  2 wyverns (D:8)
  A basilisk (D:10)
  3 hungry ghosts
  3 porcupines (D:10)
  2 orc warriors
  2 black bears (D:10)
  A phantom (D:8)
  3 wolves (D:10)
  5 centaurs
  5 ogres
  2 crocodiles (D:10)
  2 big kobolds
  2 bullfrogs
  A scorpion (D:8)
  4 killer bees (D:9)
  3 wights (D:6)
  2 howler monkeys
  A bullfrog zombie (D:9)
  5 crimson imps
  Crazy Yiuf (D:4)
  2 orc priests
  A gnoll shaman (D:6)
  3 hounds
  2 jellies
  2 orc wizards
  A bullfrog skeleton (D:6)
  A centaur skeleton (D:8)
  3 iguanas
  8 worker ants
  A hound zombie (D:6)
  A howler monkey zombie (D:5)
  14 gnolls
  8 adders
  3 shadow imps
  2 oozes (D:4)
  2 adder skeletons
  2 worms
  2 dart slugs
  13 leopard geckos
  26 orcs
  5 bats
  5 giant cockroaches
  7 goblins
  3 hobgoblins
  9 jackals
  17 kobolds
  A quokka (D:6)
  4 frilled lizards
  A jackal skeleton (D:2)
  A jackal zombie (D:6)
  A leopard gecko skeleton (D:4)
  A leopard gecko zombie (D:7)
  6 rats
222 creatures vanquished.

Vanquished Creatures (others)
  A fungus (D:10)
  A plant (D:10)
  15 toadstools (D:3)
17 creatures vanquished.

Grand Total: 239 creatures vanquished

Notes
Turn   | Place    | Note
-------+----------+-------------------------------------------
     0 | D:1      | funkygono the Draconian Air Elementalist began the quest
                  | for the Orb.
     0 | D:1      | Reached XP level 1. HP: 14/14 MP: 3/3
   359 | D:1      | Reached XP level 2. HP: 16/20 MP: 0/5
  1210 | D:1      | Learned a level 2 spell: Swiftness
  1430 | D:2      | Reached XP level 3. HP: 26/26 MP: 0/6
  1978 | D:2      | Reached XP level 4. HP: 23/33 MP: 3/8
  2202 | D:2      | Learned a level 3 spell: Static Discharge
  2938 | D:3      | You fall into a shaft and drop 2 floors!
  2938 | D:5      | Entered Level 5 of the Dungeon
  2938 | D:5      | Found a glowing silver altar of Zin.
  3159 | D:4      | Reached XP level 5. HP: 39/39 MP: 3/9
  3221 | D:4      | Found a runed translucent door.
  3222 | D:4      | Noticed Crazy Yiuf
  3235 | D:4      | Killed Crazy Yiuf
  3567 | D:3      | Noticed Sigmund
  3727 | D:3      | Found an opulent altar of Gozag.
  3733 | D:3      | Learned a level 4 spell: Airstrike
  4066 | D:3      | Found a stormy altar of Qazlal.
  4073 | D:3      | Found an ancient bone altar of Kikubaaqudgha.
  4078 | D:3      | Found a shimmering blue altar of Sif Muna.
  4082 | D:3      | Became a worshipper of Sif Muna the Loreminder
  4092 | D:3      | Found a white marble altar of Elyvilon.
  4102 | D:3      | Found a bloodstained altar of Trog.
  4107 | D:3      | Found a hazy altar of Hepliaklqana.
  4114 | D:3      | Found an ornate altar of the Wu Jian Council.
  4443 | D:3      | Reached XP level 6. HP: 40/46 MP: 5/11
  4588 | D:3      | Found a blossoming altar of Fedhas.
  4608 | D:3      | Noticed an oklob plant
  4697 | D:3      | Noticed Grinder
  4708 | D:3      | Paralysed by Grinder for 2 turns
  4720 | D:3      | Paralysed by Grinder for 4 turns
  4724 | D:3      | Killed Grinder
  4724 | D:3      | HP: 1/46 [/static electricity (2)]
  5206 | D:3      | Killed Sigmund
  5206 | D:3      | Reached skill level 1 in Charms
  5206 | D:3      | Your scales start taking on a fiery red colour.
  5206 | D:3      | Reached XP level 7. HP: 42/51 MP: 4/13
  5206 | D:3      | Gained mutation: Your flesh is heat resistant. (rF+) [Red
                  | Draconian growth]
  5743 | D:4      | Reached skill level 1 in Fighting
  5743 | D:4      | Reached skill level 1 in Shields
  5805 | D:4      | Found a hide-covered altar of Uskayaw.
  6119 | D:4      | Reached * piety under Sif Muna
  6452 | D:4      | Learned a level 5 spell: Lightning Bolt
  6622 | D:5      | Reached skill level 1 in Maces & Flails
  6622 | D:5      | Reached skill level 5 in Spellcasting
  6622 | D:5      | Reached skill level 5 in Air Magic
  6747 | D:5      | HP: 2/52 [asphyx]
  7203 | D:5      | Reached XP level 8. HP: 59/59 MP: 12/16
  7365 | D:5      | Found an iron altar of Okawaru.
  7759 | D:6      | Reached ** piety under Sif Muna
  7966 | D:6      | Reached skill level 5 in Conjurations
  8615 | D:6      | Noticed Maggie
  8632 | D:6      | Killed Maggie
  8632 | D:6      | Reached XP level 9. HP: 40/67 MP: 1/18
  9036 | D:6      | Found Finenn's Antique Armour Shop.
  9559 | D:7      | Found a staircase to the Ecumenical Temple.
  9833 | D:7      | Reached *** piety under Sif Muna
 10828 | D:8      | Noticed a two-headed ogre
 10837 | D:8      | Killed a two-headed ogre
 10837 | D:8      | Reached XP level 10. HP: 13/75 MP: 9/21
 11231 | D:8      | Found Xihioxac's Magic Scroll Emporium.
 11233 | D:8      | Found a shimmering altar of Xom.
 11451 | D:9      | Got a warped falchion
 12389 | D:9      | Identified the cursed +0 falchion "Namyacs" {freeze, Str+4}
                  | (You found it on level 9 of the Dungeon)
 12419 | D:10     | Entered Level 10 of the Dungeon
 12553 | D:10     | Reached **** piety under Sif Muna
 13251 | D:10     | Found a staircase to the Lair.
 13447 | D:10     | Noticed a two-headed ogre
 13453 | D:10     | Killed a two-headed ogre
 13700 | D:10     | Noticed a two-headed ogre
 13754 | D:10     | Reached XP level 11. HP: 33/82 MP: 1/24
 13757 | D:10     | Killed a two-headed ogre
 13766 | D:10     | HP: 1/82 [yak (7)]
 13767 | D:10     | Mangled by a yak

Illustrated notes

Levels and vault maps discovered:
D:1:      psy_arrival_radial02, layout_basic
D:2:      layout_rooms, chequers_serial_rivers_micro_d
D:3:      layout_basic, tgw_fedhas,
          nicolae_gozag_cash_rules_everything_around_me,
          grunt_temple_overflow_octagram, first_ration, gup_sewer_entry_pipe,
          uniq_sigmund, uniq_grinder
D:4:      layout_basic, kennysheep_mini, uniq_crazy_yiuf_cottage
D:5:      layout_basic, kennysheep_okawaru_gauntlet, overflow_temple_1_default
D:6:      layout_rooms, serial_shops, shop, minmay_quadrilaterals, uniq_maggie
D:7:      layout_rooms, minmay_temple_entry_statues_pillars
D:8:      layout_basic, xom_teletrap_fun, serial_shops, shop
D:9:      layout_rooms, corner_web_ring, grunt_ogre_cave
D:10:     minmay_diamond_stairs, layout_basic, minmay_lair_entry_grove,
          kennysheep_small_spiral

Skill      XL: |  1  2  3  4  5  6  7  8  9 10 |
---------------+-------------------------------+-----
Dodging        | 2 3 |  3.9
Conjurations   | 2 3 4 5 7 8 |  8.6
Air Magic      | 4 5 6 7 9 |  9.2
Spellcasting   | 3 4 5 6 7 9 |  9.4
Charms         | 1 |  1.7
Fighting       | 1 2 3 |  3.2
Shields        | 1 2 3 |  3.4
Maces & Flails | 1 2 |  2.4
Stealth        | |  1.7

Action                   |  1- 3 |  4- 6 |  7- 9 | 10-12 || total
-------------------------+-------+-------+-------+-------++-------
Melee: Unarmed           |    19 |       |       |       ||    19
       Whip              |    26 |    53 |    68 |    22 ||   169
       Tailslap          |     2 |     3 |     8 |     4 ||    17
Throw: Stone             |     1 |       |       |       ||     1
 Cast: Shock             |    63 |   130 |   252 |   149 ||   594
       Static Discharge  |       |     7 |    34 |    25 ||    66
       Airstrike         |       |       |     1 |    20 ||    21
  Use: Scroll            |     5 |     6 |     8 |     6 ||    25
       Potion            |       |     3 |     1 |     2 ||     6
  Eat: Chunk             |     4 |     6 |    20 |     7 ||    37
       Ration            |       |     2 |       |     1 ||     3
Armor: Skin              |    31 |    24 |    27 |    20 ||   102
Dodge: Dodged            |    65 |    44 |    78 |    61 ||   248
Block: Buckler           |    15 |    23 |    48 |    36 ||   122
